 Dungeon Crawl Stone Soup version 0.25-a0-366-g516bc45ae0 (webtiles) character file.

Game seed: 637036051818070014, levelgen mode: deterministic

21 MrRokkomies the Firebug (level 2, -3/15 HPs)
             Began as a Deep Elf Fire Elementalist on Jan 6, 2020.
             Slain by a worker ant (8 damage)
             ... on level 1 of the Dungeon.
             The game lasted 00:03:01 (1097 turns).

MrRokkomies the Firebug (DEFE)                      Turns: 1097, Time: 00:03:02

Health: -3/15      AC:  3    Str:  5    XL:     2   Next: 62%
Magic:  4/8        EV: 13    Int: 19    God:
Gold:   68         SH:  0    Dex: 15    Spells: 6/7 levels left

rFire    . . .     SeeInvis .   e - +0 dagger
rCold    . . .     Gourm    .   (no shield)
rNeg     . . .     Faith    .   a - +0 robe
rPois    .         Spirit   .   (no helmet)
rElec    .         Reflect  .   (no cloak)
rCorr    .         Harm     .   (no gloves)
MR       .....                  j - +0 pair of boots
Stlth    ++........             (no amulet)
HPRegen  0.05/turn              (no ring)
MPRegen  0.11/turn              (no ring)

@: lethally poisoned (-3 -> -7)
A: no striking features
a: no special abilities


You were on level 1 of the Dungeon.
You were not hungry.

You visited 1 branch of the dungeon, and saw 2 of its levels.

You collected 68 gold pieces.

Inventory:

Hand Weapons
 e - a +0 dagger (weapon)
Armour
 a - a +0 robe (worn)
 j - a +0 pair of boots (worn)
Scrolls
 d - a scroll of enchant armour {unknown}
 f - a scroll of teleportation {unknown}
 g - a scroll of magic mapping {unknown}
 h - 2 scrolls of identify {unknown}
 i - a scroll of enchant weapon {unknown}
Comestibles
 c - 2 rations


   Skills:
 + Level 2.8 Dodging
 - Level 2.4 Stealth
 - Level 3.0 Spellcasting
 * Level 2.0 Conjurations
 * Level 3.7 Fire Magic


You had 6 spell levels left.
You knew the following spells:

 Your Spells              Type           Power        Failure   Level  Hunger
a - Foxfire               Conj/Fire      ##..         4%          1    None

Your spell library contained the following spells:

 Spells                   Type           Power        Failure   Level  Hunger
 Conjure Flame            Conj/Fire      ##......     14%         3    ###....
 Inner Flame              Hex/Fire       ##......     22%         3    ###....
 Sticky Flame             Conj/Fire      ##......     41%         4    ####...
 Fireball                 Conj/Fire      ##........   77%         5    ######.


Dungeon Overview and Level Annotations

Branches:
Dungeon (2/15)

Altars:

Annotations:
D:1 Terence


Message History

Casting: Foxfire (safe; 4% risk of failure)
Confirm with . or Enter, or press ? or * to list all spells.
You conjure some foxfire!
You feel sick. The worker ant closely misses you.
You aren't carrying any potions.
As you read the scroll labeled ZUOLIGGURGH, it crumbles to dust.
You feel blessed for a moment.
It was a scroll of remove curse.
The foxfire hits the worker ant but does no damage.
The worker ant is almost dead.
The foxfire hits the worker ant.
The worker ant is almost dead.
The worker ant barely misses you.
There is a stone staircase leading up here.
You feel sick. The worker ant barely misses you.
Terence hits you with a +0 mace.
* * * LOW HITPOINT WARNING * * *
You climb upwards.
There is a stone staircase leading down here.
The worker ant bites you!
Ouch! That really hurt!
You die...

###.##.# #.##.#
#......# #.##.#
#.#.#### #.##'##
#####.#.### #.#...##
#.........####......##
#.###.#..............##
# #.#
#.....###.........####
#.#
#....a@.'.........'...
#.#
#....@###.........####
#.# ###.#.####.......##
# #.# #.#.#.........##
#.#####.#.#.####...##
#.........#.# ##..#
#######.###.#####..#
#........##..#
####.........#
#.........##


You could see Terence and a worker ant.

Vanquished Creatures
  2 dart slugs (D:1)
  4 goblins
  A hobgoblin (D:1)
  4 kobolds (D:1)
  3 frilled lizards (D:1)
  2 rats (D:1)
16 creatures vanquished.

Vanquished Creatures (others)
  35 foxfires
35 creatures vanquished.

Grand Total: 51 creatures vanquished

Notes
Turn   | Place    | Note
-------+----------+-------------------------------------------
     0 | D:1      | MrRokkomies the Deep Elf Fire Elementalist began the quest
                  | for the Orb.
     0 | D:1      | Reached XP level 1. HP: 10/10 MP: 6/6
   276 | D:1      | Reached XP level 2. HP: 13/15 MP: 8/8
  1080 | D:2      | Noticed Terence
  1097 | D:1      | Slain by a worker ant

Levels and vault maps discovered:
D:1:      erik_arrival_triangle_small, layout_loops_corners
D:2:      layout_rooms, uniq_terence

Skill      XL: |  1  2 |
---------------+-------+-----
Conjurations   | 2 |  2.0
Dodging        | |  2.8
Stealth        | |  2.4
Spellcasting   | |  3.0
Fire Magic     | |  3.7

Action                   || total
-------------------------++-------
Melee: Dagger            ||    24
 Cast: Foxfire           ||    21
  Use: Scroll            ||     1
 Stab: Sleeping          ||     1
Armor: Robe              ||     2
Dodge: Dodged            ||    17

Table legend:
 A = Non-vault XP
 B = Vault XP
 C = Vault XP percentage of total XP
 D = Non-vault monster count
 E = Vault monster count
 F = Vault count percentage of total count
                 A         B        C        D         E       F
            +---------+---------+-------+---------+---------+-------
      Total |      30 |       0 |   0.0 |      16 |       0 |   0.0
            +---------+---------+-------+---------+---------+-------
        D:1 |      28 |       0 |   0.0 |      15 |       0 |   0.0
        D:2 |       2 |       0 |   0.0 |       1 |       0 |   0.0
            +---------+---------+-------+---------+---------+-------
